 Dungeon Crawl Stone Soup version 0.26.1-11-gd32895ea62 (webtiles) character file.

Game seed: 15998367873870261999

326002 Tirrikindir the Warrior (level 22, -1/190 HPs)
             Began as a Formicid Fighter on May 24, 2021.
             Was the Champion of Qazlal.
             Slain by a deep troll (26 damage)
             ... led by an ironheart preserver
             ... on level 4 of the Vaults on May 25, 2021.
             The game lasted 02:49:16 (48643 turns).

Tirrikindir the Warrior (Formicid Fighter)         Turns: 48643, Time: 02:49:17

Health: -1/190     AC: 35    Str: 30    XL:     22   Next: 60%
Magic:  34/34      EV: 11    Int: 21    God:    Qazlal [******]
Gold:   1973       SH: 36    Dex: 10    Spells: 21/21 levels left

rFire    . . .     SeeInvis +   K - +11 great sword of Qiotzov {drain, *Drain rF- rC+ Int+10}
rCold    + . .     Faith    .   S - +5 tower shield
rNeg     + . .     Spirit   .   n - +0 plate armour {rF+}
rPois    +         Reflect  .   (helmet unavailable)
rElec    .         Harm     .   y - +2 cloak {rPois}
rCorr    .         Rampage  .   i - +2 pair of gloves
Will     +++++     Clarity  +   N - +1 pair of boots {run}
Stlth    ..........             w - amulet of the Four Winds {rN+ Will+++ Clar}
HPRegen  0.41/turn              o - +4 ring of protection
MPRegen  0.24/turn              A - ring of willpower

@: flayed, protected from physical damage, repel missiles, quick
A: permanent stasis, dig shafts and tunnels, four strong arms, antennae 3, thin
metallic scales 1, clever 1
}: 2/15 runes: serpentine, barnacled
a: Dig, Shaft Self, Renounce Religion, Upheaval, Elemental Force, Disaster Area


You were on level 4 of the Vaults.
You worshipped Qazlal.
Qazlal was exalted by your worship.
You visited 8 branches of the dungeon, and saw 38 of its levels.
You visited 1 bazaar.
You also visited: Sewer, Bailey and Gauntlet.

You collected 5759 gold pieces.
You spent 3786 gold pieces at shops.

Inventory:

Hand Weapons
 x - a +2 vampiric great sword
 B - a +0 scimitar of flaming
 K - the +11 great sword of Qiotzov (weapon) {drain, *Drain rF- rC+ Int+10}
   (You bought it in a shop on level 2 of the Orcish Mines)

   A truly terrible weapon, it drains the life of those it strikes.
   It affects your intelligence (+10).
   It makes you vulnerable to fire.
   It protects you from cold.
   It causes draining when unequipped.
Armour
 i - a +2 pair of gloves (worn)
 n - a +0 plate armour of fire resistance (worn)
 y - a +2 cloak of poison resistance (worn)
 C - a +0 crystal plate armour
 M - a +1 plate armour of cold resistance
 N - a +1 pair of boots of running (worn)
 S - a +5 tower shield (worn)
Jewellery
 d - an uncursed ring of magical power
 h - an uncursed ring of ice
 o - a +4 ring of protection (left hand)
 v - an uncursed amulet of reflection
 w - the amulet of the Four Winds (around neck) {rN+ Will+++ Clar}
   (You bought it in a shop on level 2 of the Orcish Mines)

   [amulet of nothing]

   It protects you from negative energy.
   It affects your willpower, your defense against some magical effects.
   It protects you against confusion.
 A - a ring of willpower (right hand)
 D - an uncursed ring of protection from cold
 H - an uncursed ring of flight
 J - an uncursed ring of positive energy
Wands
 a - a wand of iceblast (36)
 f - a wand of enslavement (14)
 g - a wand of paralysis (23)
 l - a wand of polymorph (31)
 q - a wand of random effects (8)
 s - a wand of flame (97)
 P - a wand of disintegration (30)
 R - a wand of acid (33)
Scrolls
 e - 5 scrolls of fog
 j - 2 scrolls of brand weapon
 k - 13 scrolls of remove curse
 p - 2 scrolls of holy word
 r - 4 scrolls of magic mapping
 E - 3 scrolls of enchant weapon
 I - 4 scrolls of summoning
 Q - 13 scrolls of identify
 T - 3 scrolls of amnesia
 U - 2 scrolls of fear
 W - a scroll of torment
Potions
 b - 2 potions of flight
 c - a potion of invisibility
 m - 4 potions of might
 t - 3 potions of magic
 u - 23 potions of curing
 z - 4 potions of heal wounds
 G - 2 potions of resistance
 L - a potion of brilliance
 O - 4 potions of cancellation
Miscellaneous
 F - a condenser vane (inert)
 V - a lightning rod (4/4)


   Skills:
 - Level 20.0 Fighting
 + Level 19.4 Long Blades
 - Level 15.0 Armour
 - Level 8.0 Dodging
 - Level 18.0 Shields
 - Level 16.0 Invocations
 - Level 6.0 Evocations


You had 21 spell levels left.
You didn't know any spells.
Your spell library contained the following spells:

 Spells                   Type           Power        Failure   Level
 Animate Skeleton         Necr           0%           67%         1
 Apportation              Tloc           0%           67%         1
 Beastly Appendage        Tmut           0%           67%         1
 Corona                   Hex            0%           67%         1
 Freeze                   Ice            0%           67%         1
 Magic Dart               Conj           0%           67%         1
 Pain                     Necr           0%           67%         1
 Sting                    Tmut/Pois      0%           67%         1
 Summon Small Mammal      Summ           0%           67%         1
 Call Imp                 Summ           0%           82%         2
 Ensorcelled Hibernation  Hex/Ice        0%           82%         2
 Passwall                 Tmut/Erth      0%           82%         2
 Poisonous Vapours        Pois/Air       0%           82%         2
 Searing Ray              Conj           0%           82%         2
 Slow                     Hex            0%           82%         2
 Wereblood                Tmut           0%           82%         2
 Call Canine Familiar     Summ           0%           96%         3
 Confusing Touch          Hex            0%           96%         3
 Conjure Flame            Conj/Fire      0%           96%         3
 Dazzling Flash           Conj/Hex       0%           96%         3
 Gell's Gravitas          Tloc           0%           96%         3
 Ignite Poison            Fire/Tmut/Pois 0%           96%         3
 Mephitic Cloud           Conj/Pois/Air  0%           96%         3
 Spider Form              Tmut/Pois      0%           96%         3
 Summon Guardian Golem    Hex/Summ       0%           96%         3
 Tukima's Dance           Hex            0%           96%         3
 Vampiric Draining        Necr           0%           96%         3
 Animate Dead             Necr           0%           100%        4
 Fulminant Prism          Conj/Hex       0%           100%        4
 Ice Form                 Ice/Tmut       0%           100%        4
 Iskenderun's Mystic Bla  Conj/Tloc      0%           100%        4
 Olgreb's Toxic Radiance  Pois           0%           100%        4
 Petrify                  Tmut/Erth      0%           100%        4
 Summon Ice Beast         Ice/Summ       0%           100%        4
 Summon Lightning Spire   Summ/Air       0%           100%        4
 Agony                    Necr           0%           100%        5
 Blade Hands              Tmut           0%           100%        5
 Metabolic Englaciation   Hex/Ice        0%           100%        5
 Silence                  Hex/Air        0%           100%        5
 Summon Demon             Summ           0%           100%        5
 Summon Forest            Summ/Tloc      0%           100%        5
 Summon Mana Viper        Hex/Summ       0%           100%        5
 Yara's Violent Unravell  Hex/Tmut       0%           100%        5
 Conjure Ball Lightning   Conj/Air       0%           100%        6
 Ozocubu's Refrigeration  Ice            0%           100%        6
 Shadow Creatures         Summ           N/A          100%        6
 Statue Form              Tmut/Erth      0%           100%        6
 Summon Hydra             Summ           0%           100%        7
 Tornado                  Air            0%           100%        9
 Blink                    Tloc           Unusable     N/A         2

Dungeon Overview and Level Annotations

Branches:
Dungeon (15/15)            Temple (1/1) D:5            Lair (6/6) D:10
 Shoals (4/4) Lair:2        Snake (4/4) Lair:3        Slime (0/5) Lair:6
    Orc (2/2) D:11            Elf (2/3) Orc:2        Vaults (4/5) D:14
  Crypt (0/3) Vaults:2     Depths (0/5) D:15          Sewer (visited)
 Bailey (visited)         Gauntlet (visited)

Altars:
Ashenzari
Cheibriados
Dithmenos
Elyvilon
Fedhas
Gozag
Hepliaklqana
Kikubaaqudgha
Makhleb
Nemelex Xobeh
Okawaru
Qazlal
Ru
Sif Muna
Trog
Uskayaw
Vehumet
Wu Jian
Xom
Yredelemnul
Zin
The Shining One
Beogh

Shops:
Orc:2 =(*[   Elf:1 (   Elf:2 (   Shoals:3 :   Snake:3 [

Portals:
Abyss: D:4
Trove: D:10 (give +7 demon trident)

Annotations:
D:9 2 transporters, 2bobheroes's ghost, journeyman OpFi
D:13 1 runed translucent door


Innate Abilities, Weirdness & Mutations

You cannot be hasted, slowed, berserked, paralysed or teleported.
You can dig through walls and to a lower floor.
Your four strong arms can wield two-handed weapons with a shield.
You have a pair of large antennae on your head. (SInv)
You are partially covered in thin metallic scales. (AC +2)
Your mind is acute. (Int +2)


Message History

* * * LOW HITPOINT WARNING * * *
The deep troll claws you but does no damage.
The deep troll is engulfed in blazing flames.
The deep troll closely misses you.
You riposte.
You closely miss the deep troll.
The deep troll is severely wounded.
The deep troll claws you but does no damage.
You block the deep troll's attack.
You feel much better.
You block the ironbrand convoker's attack.
The flayed ghost is engulfed in blazing flames.
The flayed ghost cries, "Suffer as I suffered!"
Terrible wounds spread across more of your body!
* * * LOW HITPOINT WARNING * * *
The deep troll is engulfed in blazing flames.
You block the deep troll's attack. x2
The deep troll claws you but does no damage.
The deep troll is engulfed in blazing flames.
The deep troll bites you!!
You die...

## ##. #.
#.#..##..#
#.........
#..)......
#####+### ..
########...[(†=#
...#.§§§§.#.)<()..#
...'.§TpW○#.))(...#
#.°§@°.#..)....#
#..T)T§'.......#
#..§)§§#.......#
#..§§§.#########
###'#### ... .....
..... ....


You could see a flayed ghost, 3 deep trolls and an ironbrand convoker (catching
breath, drained).

Vanquished Creatures
  Bai Suzhen (Snake:4)
  Vashnia (Snake:2)
  Nikola (Elf:2)
  A lich (Vaults:3)
  Jorgrun (Shoals:2)
  A deep elf blademaster (Elf:2)
  The ghost of phalm the Gnoll Aeon, an adept GnCj of Cheibriados (Shoals:4)
  Donald (Shoals:1)
  Roxanne (Snake:2)
  Ilsuiw (Shoals:2)
  6 nagarajas (Snake:4)
  10 vault wardens
  3 deep elf sorcerers
  Aizul (Snake:1)
  An orc warlord (Orc:1)
  12 ironheart preservers
  5 stone giants
  A reaper (Gauntlet)
  2 deep elf demonologists
  Nessos (Lair:6)
  An entropy weaver (Vaults:1)
  4 deep elf annihilators
  Azrael (Snake:1)
  A minotaur (Gauntlet)
  2 deep elf death magi
  6 merfolk javelineers
  A death ooze (Gauntlet)
  6 merfolk impalers (Shoals:4)
  4 yaktaur captains
  3 fire dragons
  A deep elf high priest (Elf:1)
  An ice dragon (D:15)
  6 ogre magi
  8 hydras
  5 boulder beetles
  6 vault guards
  A rakshasa (Vaults:3)
  2 merfolk aquamancers (Shoals:4)
  Erolcha (D:12)
  3 merfolk avatars
  18 naga warriors
  A catoblepas (Lair:6)
  3 anacondas
  8 centaur warriors
  A satyr (Shoals:4)
  23 two-headed ogres
  17 dancing weapons (Elf:2)
  Urug (D:12)
  A tengu warrior (D:13)
  A deep troll shaman (Vaults:1)
  A death yak (Lair:5)
  4 orc high priests
  15 naga sharpshooters
  6 shock serpents
  Nergalle (D:11)
  14 deep elf knights
  A salamander mystic (Snake:3)
  A shadow wraith (Vaults:2)
  10 sea snakes
  2 deep trolls (Vaults:1)
  7 skeletal warriors
  A glowing orange brain (Vaults:3)
  9 deep elf archers
  A flayed ghost (Vaults:3)
  5 unseen horrors
  A wizard (Vaults:1)
  9 naga ritualists
  Pikel (D:8)
  2 lindwurms (Lair:6)
  12 ironbrand convokers
  2 necromancers
  10 mana vipers
  12 orc knights
  15 ugly things
  17 harpies
  6 fauns
  44 deep elf magi
  A faun (shapeshifter) (Vaults:1)
  3 orc sorcerers (Orc:2)
  14 manticores
  A stone giant zombie (Vaults:3)
  An oklob plant (Gauntlet)
  13 salamanders
  18 cyclopes
  Maurice (D:8)
  A toenail golem (D:4)
  4 water nymphs
  10 merfolk sirens
  33 naga magi
  17 elephants
  31 black mambas
  2 human skeletons (Vaults:3)
  A guardian serpent (Snake:2)
  6 torpor snails
  9 vault sentinels
  16 cane toads
  Maggie (D:7)
  3 centaur skeletons
  A kobold demonologist (D:14)
  A komodo dragon (shapeshifter) (Vaults:2)
  2 minotaur zombies (Gauntlet)
  39 yaktaurs
  2 rime drakes
  9 komodo dragons
  A tengu conjurer (D:13)
  A redback zombie (D:14)
  2 freezing wraiths
  32 merfolk
  A wolf spider simulacrum (D:15)
  3 tyrant leeches (Lair:6)
  Prince Ribbit (D:8)
  8 trolls
  3 meliai (D:14)
  10 wind drakes
  10 hornets
  8 blink frogs
  2 polar bears
  4 slime creatures
  2 dream sheep (Shoals:1)
  2 small abominations (D:4)
  7 snapping turtles
  4 redbacks (Vaults:1)
  An ice dragon skeleton (Vaults:1)
  Sigmund (D:2)
  6 wyverns
  9 water elementals
  3 wraiths
  47 yaks
  2 shadows
  A hog (shapeshifter) (Vaults:1)
  4 fire elementals
  2 tarantellas (shapeshifter)
  Grum (D:8)
  A yaktaur simulacrum (Vaults:1)
  7 basilisks
  4 human simulacra
  6 vampire mosquitoes (D:12)
  The ghost of Zeld the Twirler, an amateur OpGl (D:4)
  4 wargs
  37 nagas
  4 acid dragons
  A soldier ant (shapeshifter) (Elf:2)
  14 water moccasins
  3 hell hounds (Snake:1)
  An ettin simulacrum (Vaults:1)
  An eye of draining (D:13)
  49 orc warriors
  2 human zombies (Vaults:1)
  5 necrophages (D:9)
  3 sky beasts
  30 ogres
  2 ice beasts
  8 boggarts
  A hornet zombie (D:13)
  16 wolves
  19 centaurs
  A lemure (D:8)
  A big kobold (D:8)
  13 bullfrogs
  A gnoll sergeant (D:12)
  2 earth elementals
  A wyvern zombie (D:11)
  6 scorpions
  2 oklob saplings (D:8)
  5 killer bees (D:9)
  4 wights (D:6)
  3 howler monkeys
  An electric eel (Lair:1)
  6 bullfrog zombies
  5 centaur zombies
  A quasit (D:8)
  Crazy Yiuf (D:2)
  2 jellies
  16 orc priests
  9 hounds
  14 orc wizards
  Ijyb (D:3)
  4 bullfrog skeletons
  Terence (D:3)
  3 iguanas
  9 worker ants
  A killer bee zombie (D:6)
  A hound skeleton (D:4)
  A howler monkey zombie (D:7)
  A worker ant zombie (D:11)
  7 gnolls
  14 adders
  A river rat (D:5)
  5 shadow imps
  3 white imps
  3 ufetubi
  5 oozes (Sewer)
  An adder zombie (D:9)
  4 worms
  A dart slug (D:3)
  3 leopard geckos
  70 orcs
  11 ball pythons
  13 bats
  4 giant cockroaches
  13 goblins
  8 hobgoblins
  14 jackals
  2 quokkas
  5 frilled lizards
  A giant cockroach zombie (D:6)
  15 kobolds
  A leopard gecko zombie (D:6)
  A quokka zombie (D:5)
  7 rats
1363 creatures vanquished.

Vanquished Creatures (collateral kills)
  A hydra (D:12)
1 creature vanquished.

Vanquished Creatures (others)
  A merfolk aquamancer (Shoals:4)
  An ogre mage (Vaults:2)
  A deep elf knight (Elf:2)
  A deep elf archer (Elf:1)
  A yak (Lair:6)
  2 nagas (Snake:4)
  A boggart (Vaults:2)
  An orc priest (D:15)
  An orc (D:15)
  64 fungi
  195 plants
269 creatures vanquished.

Grand Total: 1633 creatures vanquished

Notes
Turn   | Place    | Note
-------+----------+-------------------------------------------
     0 | D:1      | Tirrikindir the Formicid Fighter began the quest for the
                  | Orb.
     0 | D:1      | Reached XP level 1. HP: 18/18 MP: 1/1
   179 | D:1      | Reached XP level 2. HP: 21/24 MP: 2/2
   329 | D:1      | Reached XP level 3. HP: 26/29 MP: 3/3
   692 | D:2      | Found a runed translucent door.
   693 | D:2      | Noticed Crazy Yiuf
   704 | D:2      | Killed Crazy Yiuf
   705 | D:2      | Reached XP level 4. HP: 26/37 MP: 4/4
   847 | D:2      | Noticed Sigmund
   856 | D:2      | Killed Sigmund
   857 | D:2      | Reached skill level 4 in Fighting
   857 | D:2      | Reached skill level 1 in Dodging
   857 | D:2      | Reached XP level 5. HP: 42/42 MP: 5/5
   857 | D:2      | Reached XP level 6. HP: 48/48 MP: 6/6
   931 | D:2      | Found a faded altar of an unknown god.
   941 | D:2      | Became a worshipper of Qazlal Stormbringer
   941 | D:2      | Reached * piety under Qazlal
  1854 | D:3      | Noticed Ijyb
  1864 | D:3      | Killed Ijyb
  2126 | D:3      | Reached skill level 1 in Invocations
  2161 | D:3      | Noticed Terence
  2164 | D:3      | Killed Terence
  2164 | D:3      | Reached ** piety under Qazlal
  2657 | D:4      | Noticed an ogre
  2665 | D:4      | Killed an ogre
  2666 | D:4      | Reached skill level 5 in Shields
  2666 | D:4      | Reached XP level 7. HP: 54/54 MP: 6/8
  2733 | D:4      | Found a transporter.
  2738 | D:4      | Found a transporter.
  2751 | D:4      | Noticed a toenail golem
  2762 | D:4      | Identified the +8 spear of Vahuysek {distort, Int+4}
  2765 | D:4      | Noticed a small abomination
  2786 | D:4      | Noticed a small abomination
  2802 | D:4      | Noticed Zeld's ghost (amateur OpGl)
  2803 | D:4      | Found a one-way gate to the infinite horrors of the Abyss.
  3356 | D:5      | Entered Level 5 of the Dungeon
  3450 | D:5      | Reached skill level 5 in Long Blades
  3487 | D:5      | Found a glowing drain.
  3491 | Sewer    | Entered a sewer
  4378 | D:5      | Reached skill level 5 in Armour
  4378 | D:5      | Reached XP level 8. HP: 55/60 MP: 10/10
  4382 | D:5      | Found a staircase to the Ecumenical Temple.
  4392 | Temple   | Entered the Ecumenical Temple
  5225 | D:6      | Reached skill level 1 in Evocations
  5252 | D:6      | Reached *** piety under Qazlal
  5957 | D:7      | Reached XP level 9. HP: 65/65 MP: 12/12
  5990 | D:7      | Noticed Maggie
  6007 | D:7      | Killed Maggie
  6697 | D:8      | Reached **** piety under Qazlal
  6700 | D:8      | Found a blossoming altar of Fedhas.
  6718 | D:8      | Noticed a hornet
  6734 | D:8      | Killed a hornet
  6735 | D:8      | Reached skill level 10 in Long Blades
  6741 | D:8      | Identified Zuph's Incunabulum of Nature
  6909 | D:8      | Noticed Maurice
  6921 | D:8      | Killed Maurice
  6930 | D:8      | Reached XP level 10. HP: 71/71 MP: 13/13
  6985 | D:8      | Found a burning altar of Makhleb.
  6985 | D:8      | Noticed an Executioner
  7041 | D:8      | Noticed Prince Ribbit
  7057 | D:8      | Killed Prince Ribbit
  7099 | D:8      | Reached skill level 5 in Invocations
  7205 | D:8      | Noticed Grum
  7224 | D:8      | Killed Grum
  7313 | D:8      | Noticed Pikel
  7345 | D:8      | Killed Pikel
  7626 | D:9      | Noticed a cyclops
  7631 | D:9      | Killed a cyclops
  8059 | D:9      | Found a transporter.
  8060 | D:9      | Noticed 2bobheroes's ghost (journeyman OpFi)
  8061 | D:9      | Noticed a moth of wrath
  8292 | D:9      | Reached skill level 5 in Fighting
  8306 | D:9      | Reached XP level 11. HP: 68/79 MP: 15/15
  8424 | D:9      | Found a blossoming altar of Fedhas.
  8511 | D:9      | You fall into a shaft and drop 3 floors!
  8511 | D:12     | Noticed a cyclops
  8517 | D:12     | Killed a cyclops
  8540 | D:12     | Noticed a cyclops
  8548 | D:12     | Killed a cyclops
  8634 | D:12     | Reached ***** piety under Qazlal
  8826 | D:12     | Noticed a manticore
  8848 | D:12     | Killed a manticore
  8861 | D:12     | Found a flagged portal.
  8874 | Bailey   | Entered a bailey
  9164 | Bailey   | Noticed an orc knight
  9268 | Bailey   | Reached skill level 5 in Dodging
  9277 | Bailey   | Killed an orc knight
  9467 | D:12     | Noticed a two-headed ogre
  9477 | D:12     | Killed a two-headed ogre
  9494 | D:12     | Reached skill level 6 in Fighting
  9558 | D:12     | Reached XP level 12. HP: 61/88 MP: 17/17
  9569 | D:12     | Noticed Erolcha
  9571 | D:11     | Found a staircase to the Orcish Mines.
  9620 | D:11     | Noticed a five-headed hydra
  9648 | D:11     | Killed a five-headed hydra
 10145 | D:10     | Entered Level 10 of the Dungeon
 10421 | D:9      | Found a transporter.
 10442 | D:9      | Found a bloodstained altar of Trog.
 11048 | D:4      | Killed Zeld's ghost
 11738 | D:10     | Found a portal to a secret trove of treasure.
 11803 | D:10     | Found a staircase to the Lair.
 12091 | D:11     | Noticed Nergalle
 12098 | D:11     | Reached skill level 10 in Shields
 12110 | D:11     | Killed Nergalle
 12236 | D:11     | Found a shimmering altar of Xom.
 12271 | D:11     | Noticed a boulder beetle
 12559 | D:11     | Killed a boulder beetle
 13315 | D:12     | Killed Erolcha
 13319 | D:12     | Reached skill level 7 in Fighting
 13553 | D:12     | Noticed a six-headed hydra
 13572 | D:12     | Killed a six-headed hydra
 13573 | D:12     | Reached XP level 13. HP: 17/96 MP: 13/20
 13925 | D:12     | Noticed Urug
 13941 | D:12     | Killed Urug
 14171 | D:12     | Gained mutation: Your mind is acute. (Int +2) [potion of
                  | mutation]
 14171 | D:12     | Gained mutation: You are partially covered in thin metallic
                  | scales. (AC +2) [potion of mutation]
 14239 | Lair:1   | Entered Level 1 of the Lair of Beasts
 14336 | Lair:1   | Noticed an eight-headed hydra
 14350 | Lair:1   | Killed an eight-headed hydra
 14402 | Lair:1   | Reached skill level 10 in Invocations
 14565 | Lair:1   | Reached skill level 10 in Armour
 14693 | Lair:1   | Got a pitted long sword
 14693 | Lair:1   | Identified the +6 long sword "Trog's Anger" {venom, rC+
                  | Str+4} (You found it on level 1 of the Lair of Beasts)
 15339 | D:13     | Found a runed translucent door.
 15341 | D:13     | Noticed a stone giant
 15342 | D:13     | Identified the +9 glaive "Zeheg" {venom, *Noise Str+4}
 15342 | D:13     | Noticed a frost giant
 16311 | Lair:2   | Reached skill level 8 in Fighting
 16746 | Lair:2   | Found a staircase to the Shoals.
 17319 | Lair:3   | Reached XP level 14. HP: 96/105 MP: 20/22
 18172 | Lair:3   | Found a staircase to the Snake Pit.
 18560 | Lair:4   | Reached ****** piety under Qazlal
 20708 | D:14     | Reached skill level 9 in Fighting
 20821 | D:14     | Found a gate to the Vaults.
 20821 | D:14     | Noticed an ironheart preserver
 20836 | D:14     | Killed an ironheart preserver
 20838 | D:14     | Reached XP level 15. HP: 103/113 MP: 24/24
 21821 | D:15     | Entered Level 15 of the Dungeon
 22616 | D:15     | Reached skill level 10 in Fighting
 22674 | D:15     | Found an opulent altar of Gozag.
 22870 | D:15     | Found a snail-covered altar of Cheibriados.
 22958 | D:15     | Found a roughly hewn altar of Beogh.
 23040 | D:15     | Found a staircase to the Depths.
 23375 | Lair:6   | Entered Level 6 of the Lair of Beasts
 23439 | Lair:6   | Reached skill level 15 in Long Blades
 23458 | Lair:6   | Noticed Nessos
 23482 | Lair:6   | Killed Nessos
 23575 | Lair:6   | Found a gate leading to a gauntlet.
 23596 | Gauntlet | Entered a Gauntlet
 23596 | Gauntlet | Found a transporter.
 23596 | Gauntlet | Found a transporter.
 23596 | Gauntlet | Found a large runed translucent door.
 23596 | Gauntlet | Found a large runed translucent door.
 23596 | Gauntlet | Found a large runed translucent door.
 23596 | Gauntlet | Found a large runed translucent door.
 23596 | Gauntlet | Found a large runed translucent door.
 23596 | Gauntlet | Found a large runed translucent door.
 23596 | Gauntlet | Found a runed translucent door.
 23596 | Gauntlet | Found a runed translucent door.
 23596 | Gauntlet | Found a large runed translucent door.
 23596 | Gauntlet | Found a large runed translucent door.
 23596 | Gauntlet | Found a large runed translucent door.
 23596 | Gauntlet | Found a large runed translucent door.
 23596 | Gauntlet | Found a large runed translucent door.
 23596 | Gauntlet | Found a large runed translucent door.
 23597 | Gauntlet | Found a large runed translucent door.
 23597 | Gauntlet | Found a large runed translucent door.
 23597 | Gauntlet | Found a large runed translucent door.
 23597 | Gauntlet | Found a large runed translucent door.
 23600 | Gauntlet | Found a transporter.
 23605 | Gauntlet | Found a runed translucent gate.
 23605 | Gauntlet | Found a runed translucent gate.
 23605 | Gauntlet | Found a runed translucent gate.
 23607 | Gauntlet | Found a transporter.
 23625 | Gauntlet | Found a transporter.
 23650 | Gauntlet | Found a transporter.
 23652 | Gauntlet | Found a transporter.
 23658 | Gauntlet | Found a transporter.
 23658 | Gauntlet | Found a transporter.
 23661 | Gauntlet | Found a transporter.
 23673 | Gauntlet | Noticed a reaper
 23683 | Gauntlet | Found a transporter.
 23793 | Gauntlet | Found a transporter.
 23812 | Gauntlet | Found a transporter.
 23908 | Gauntlet | Found a transporter.
 23923 | Gauntlet | Found a transporter.
 23937 | Gauntlet | Found a transporter.
 24278 | Gauntlet | Killed a reaper
 24293 | Gauntlet | Got a pair of blackened boots
 24294 | Gauntlet | Identified the +2 pair of boots of Impermeability {SInv}
                  | (You found it in a Gauntlet)
 24530 | Lair:6   | Reached XP level 16. HP: 95/124 MP: 22/25
 24863 | Lair:6   | Reached skill level 5 in Evocations
 24894 | Lair:6   | Found the +2 hat of the Bear Spirit {Spirit, +Rage rN+
                  | Will++}
 25086 | Lair:6   | Found a runed translucent door.
 25484 | Lair:6   | Found a staircase to the Slime Pits.
 25939 | Orc:1    | Entered Level 1 of the Orcish Mines
 25975 | Orc:1    | Reached skill level 11 in Fighting
 26484 | Orc:2    | Entered Level 2 of the Orcish Mines
 27026 | Orc:2    | Found a staircase to the Elven Halls.
 27027 | Orc:2    | Found Oqilet's General Store.
 27734 | Orc:2    | Found Housour's Jewellery Boutique.
 27868 | Orc:2    | Found Ylemiab's Antique Armour Emporium.
 28118 | Orc:2    | Found Jotrit's Antique Weapon Shoppe.
 28272 | Orc:2    | Bought a slimy great sword for 287 gold pieces
 28272 | Orc:2    | Identified the +11 great sword of Qiotzov {drain, *Drain
                  | rF- rC+ Int+10} (You bought it in a shop on level 2 of the
                  | Orcish Mines)
 28276 | Orc:2    | Bought a glowing great sword for 237 gold pieces
 28323 | Orc:2    | Bought a shiny plate armour for 728 gold pieces
 28530 | Snake:1  | Entered Level 1 of the Snake Pit
 28539 | Snake:1  | Noticed Aizul
 28558 | Snake:1  | Killed Aizul
 29222 | Orc:2    | Bought a potion of heal wounds for 80 gold pieces
 29222 | Orc:2    | Bought a scroll of fog for 32 gold pieces
 29237 | Orc:2    | Bought the amulet of the Four Winds {rN+ Will+++ Clar} for
                  | 526 gold pieces
 29237 | Orc:2    | Found the amulet of the Four Winds {rN+ Will+++ Clar}
 29269 | Elf:1    | Entered Level 1 of the Elven Halls
 29298 | Elf:1    | Reached skill level 12 in Fighting
 29311 | Elf:1    | Reached XP level 17. HP: 39/133 MP: 26/26
 29623 | Elf:1    | Found Faut's Weapon Shoppe.
 30588 | Elf:1    | Reached skill level 15 in Shields
 31383 | Elf:2    | Found a runed translucent gate.
 31383 | Elf:2    | Found a runed translucent gate.
 31384 | Elf:2    | Found a runed translucent gate.
 31547 | Elf:2    | Reached skill level 13 in Fighting
 31861 | Elf:2    | Found Ecoat Woo's Antique Weapon Shoppe.
 32317 | Snake:1  | Noticed Azrael
 32323 | Snake:1  | Killed Azrael
 32985 | Snake:2  | Noticed Vashnia
 33020 | Snake:2  | Reached XP level 18. HP: 44/144 MP: 28/28
 34225 | Snake:2  | Killed Vashnia
 34420 | Snake:2  | Reached skill level 14 in Fighting
 34919 | Snake:2  | Identified Roxanne's Papyrus of Changing
 34919 | Snake:2  | Noticed Roxanne
 34945 | Snake:2  | Killed Roxanne
 35649 | Snake:3  | Found Fittuosu's Antique Armour Boutique.
 35713 | Snake:3  | Bought a pair of encrusted gloves for 351 gold pieces
 35713 | Snake:3  | Identified the cursed +0 pair of gloves of Uskayaw's
                  | Approval {rPois} (You bought it in a shop on level 3 of the
                  | Snake Pit)
 36361 | Shoals:1 | Entered Level 1 of the Shoals
 36378 | Shoals:1 | Noticed Donald
 36392 | Shoals:1 | Killed Donald
 37286 | Shoals:2 | Found a flickering gateway to a bazaar.
 37312 | Bazaar   | Entered a bazaar
 37342 | Bazaar   | Found Poumoenk's Distillery.
 37353 | Bazaar   | Found Orekodue's Weapon Shop.
 37354 | Bazaar   | Found Ontuur's Distillery.
 37365 | Bazaar   | Found Otez's Gadget Shop.
 37382 | Bazaar   | Bought a potion of heal wounds for 45 gold pieces
 37382 | Bazaar   | Bought a potion of curing for 27 gold pieces
 37382 | Bazaar   | Bought a potion of resistance for 90 gold pieces
 37382 | Bazaar   | Bought a potion of curing for 27 gold pieces
 37397 | Bazaar   | Bought a potion of curing for 57 gold pieces
 37397 | Bazaar   | Bought a potion of curing for 57 gold pieces
 37397 | Bazaar   | Bought a potion of curing for 57 gold pieces
 37411 | Bazaar   | Bought a wand of iceblast (8) for 180 gold pieces
 37411 | Bazaar   | Bought a wand of paralysis (5) for 105 gold pieces
 37411 | Bazaar   | Bought a wand of acid (2) for 180 gold pieces
 37411 | Bazaar   | Bought a wand of iceblast (12) for 240 gold pieces
 37411 | Bazaar   | Bought a wand of acid (12) for 480 gold pieces
 37428 | Shoals:2 | Noticed Ilsuiw
 37465 | Shoals:2 | Killed Ilsuiw
 37727 | Shoals:2 | Noticed Jorgrun
 37753 | Shoals:2 | Killed Jorgrun
 38033 | Shoals:3 | Reached XP level 19. HP: 154/154 MP: 29/29
 38080 | Shoals:3 | Reached skill level 15 in Fighting
 38159 | Shoals:3 | Found Veazurefogh's Book Shop.
 38888 | Shoals:4 | Entered Level 4 of the Shoals
 38888 | Shoals:4 | Found a runed translucent door.
 38888 | Shoals:4 | Noticed phalm's ghost (adept GnCj)
 38968 | Shoals:4 | Killed phalm's ghost
 39143 | Shoals:4 | Identified the Disquisition on the Escort and Ice
 39268 | Shoals:4 | Reached skill level 15 in Invocations
 39295 | Shoals:4 | Identified the +7 hand crossbow of Nock {flame, rPois}
 39652 | Shoals:4 | Got a barnacled rune of Zot
 40278 | Shoals:4 | Identified a +1 pair of boots of running (You found it on
                  | level 4 of the Shoals)
 40727 | Elf:2    | Noticed Nikola
 40735 | Elf:2    | Noticed a deep elf blademaster
 40767 | Elf:2    | Killed a deep elf blademaster
 40773 | Elf:2    | Killed Nikola
 40774 | Elf:2    | Reached skill level 16 in Fighting
 40808 | Elf:2    | Reached XP level 20. HP: 64/164 MP: 31/31
 41566 | Snake:4  | Entered Level 4 of the Snake Pit
 41803 | Snake:4  | Noticed Bai Suzhen
 41814 | Snake:4  | Killed Bai Suzhen
 41879 | Snake:4  | Reached skill level 15 in Armour
 42459 | Snake:4  | Reached skill level 17 in Fighting
 42481 | Snake:4  | Got a serpentine rune of Zot
 42489 | Snake:4  | Identified the +1 scale mail "Ymuel" {rC+ Str+4 Int+4} (You
                  | found it on level 4 of the Snake Pit)
 43669 | Vaults:1 | Entered Level 1 of the Vaults
 44113 | Vaults:1 | Reached XP level 21. HP: 170/175 MP: 33/33
 44227 | Vaults:1 | Identified a scroll of acquirement
 44228 | Vaults:1 | Acquired 778 gold pieces
 44380 | Vaults:1 | Reached skill level 18 in Fighting
 45629 | Vaults:1 | Reached skill level 19 in Fighting
 46108 | Vaults:2 | Reached XP level 22. HP: 188/188 MP: 34/34
 46317 | Vaults:2 | Found a staircase to the Crypt.
 47156 | Vaults:3 | Reached skill level 20 in Fighting
 48639 | Vaults:4 | HP: 5/190 [deep troll[an ironheart preserver] (29)]
 48643 | Vaults:4 | Slain by a deep troll

Illustrated notes

Levels and vault maps discovered:
D:1:      tarquinn_simple_flora_water_b, layout_rooms
D:2:      layout_basic, chequers_ecumenical_altar_lobes, minmay_split_cup_small,
          uniq_sigmund, uniq_crazy_yiuf_cottage
D:3:      cheibrodos_greedy_goblins, layout_loops_corners, uniq_terence,
          uniq_ijyb
D:4:      layout_loops_ring, gammafunk_ghost_abyssal_escape
D:5:      layout_basic, temple_statues, gup_sewer_entry_bowl
D:6:      layout_loops_cross
D:7:      layout_basic, serial_bayou_pond_a, uniq_maggie
D:8:      layout_cave_pools, makhleb_altar_promises_db, serial_column_ruins,
          column_ruins_grid_5, column_ruins_hut, column_ruins_open_small,
          column_ruins_grid_3, column_ruins_open_small, column_ruins_open_small,
          column_ruins_grid_3, column_ruins_open_small,
          introduction_to_nature_1, uniq_grum, uniq_prince_ribbit1,
          uniq_maurice, uniq_pikel
D:9:      layout_stronghold, gammafunk_ghost_wrathful_warriors,
          minmay_stone_trees_large, nicolae_two_hexagons, chequers_garden,
          fedhas_altar_decomposition
D:10:     layout_basic, david_lair_shrubbed, nicolae_trove_entry_isolated
D:11:     layout_cave_pools, orc_0_dummy, basic_altar, nrook_pool_corridor,
          minmay_crystal_room, uniq_nergalle
D:12:     layout_irregular_city, enter_bailey_7, uniq_urug, uniq_erolcha
D:13:     layout_stronghold, statue_in_the_mist_lemuel, kennysheep_treasure_room
D:14:     layout_cave_pods, skrybe_vaults_entry_preservation,
          minmay_misc_feat_rugged, hangedman_decor_points
D:15:     grunt_enter_depths_hoard, layout_long_grid, cheibriados_altar_1,
          special_room [special_room_orc], minmay_misc_feat_pillars,
          grunt_gozag_statues
Temple:   grunt_wide_crystal_templ
Lair:1:   layout_hall_layers, fungi_pond_lemuel
Lair:2:   layout_gridlike, minmay_shoals_entry_beasts, serial_bayou_shore_a,
          grunt_megastairs_2
Lair:3:   layout_roguey, dummy_snake_entry, grunt_megastairs_5,
          lemuel_fruit_fields
Lair:4:   layout_regular_city, grunt_megastairs_4
Lair:5:   layout_cave_pods
Lair:6:   wormcave, layout_regular_city, slime_dummy, gauntlet_entry_generic,
          wad_woods_road_03, grunt_megastairs_3, infiniplex_staircase_pool,
          uniq_nessos
Shoals:1: layout_shoals, uniq_donald
Shoals:2: layout_shoals, serial_shops, bzr_entry_gold, uniq_jorgrun, uniq_ilsuiw
Shoals:3: layout_shoals, serial_shops, shop, st_cyclops
Shoals:4: shoals_end_simple, layout_shoals, gammafunk_ghost_grave
Snake:1:  layout_onion, uniq_azrael, uniq_aizul
Snake:2:  cheibrodos_snake_ritualist_ritual, layout_chambers, st_stairs_14,
          uniq_roxanne, uniq_vashnia
Snake:3:  layout_misc_corridors, serial_shops, shop, serial_bayou_shore_b
Snake:4:  snake_pit, layout_basic, uniq_bai_suzhen
Orc:1:    layout_diamond_mine, mines2_lemuel
Orc:2:    grunt_orc_gardens, layout_caves, grunt_orc_garden, grunt_orc_garden,
          grunt_orc_garden, grunt_orc_garden
Elf:1:    eino_elf_arrival_the_gate, layout_gridlike, serial_shops,
          shop_fountains, kennysheep_underground_church
Elf:2:    layout_geoelf_octagon, serial_shops, nicolae_shop_window_shopping,
          uniq_nikola
Vaults:1: ontoclasm_vaults_idyll, v_pattern_5, v_rooms_1, serial_ice_h,
          hangedman_vaults_slither, nicolae_vaults_rhombus_7,
          vaults_room_large_hall, hangedman_vaults_stitches,
          nicolae_vaults_network_square, ontoclasm_vaults_gateway, v_rooms_2,
          vaults_room_stairs_pillars, nicolae_vaults_little_squares_2,
          v_misc_16, v_misc_17, layout_vaults_maze_bifur
Vaults:2: v_misc_22, nicolae_vaults_little_squares_4, hangedman_vaults_unwind,
          hangedman_vaults_pinch, ontoclasm_vaults_idyll,
          nicolae_vaults_ring_of_whatevers, nicolae_vaults_ring_of_whatevers,
          ontoclasm_vaults_idyll, nicolae_vaults_circle_grid_b,
          vaults_room_pools, nicolae_vaults_what_the_h, vaults_room_hallway,
          vaults_room_pool, layout_vaults_big_room
Vaults:3: v_pattern_1, v_rooms_6, ontoclasm_vaults_ligature, v_alt_pattern_4,
          v_misc_17, v_misc_18, hangedman_vaults_snaps, vaults_dpeg_ring,
          layout_vaults_quadrants
Vaults:4: ebering_vaults_ghost_reflecting_pool, grunt_vaults_trifunnel,
          v_misc_11, nicolae_vaults_asterisk, nicolae_vaults_back_hallway,
          vaults_room_large_hall, hangedman_vaults_cutoff, v_misc_28,
          hangedman_vaults_stream, ontoclasm_vaults_loading_screen,
          layout_vaults_omnicross, serial_shops, shop_statue

Skill      XL: |  1  2  3  4  5  6  7  8  9 10 11 12 13 14 15 16 17 18 19 20 21 22 |
---------------+-------------------------------------------------------------------+-----
Long Blades    | 3 4 5 7 10 11 12 13 15 16 17 18 19 | 19.4
Shields        | 4 5 6 7 9 10 11 13 14 15 16 17 18 | 18.0
Fighting       | 4 5 6 7 8 9 10 12 13 14 16 17 19 20 | 20.0
Armour         | 4 5 6 8 9 10 12 13 14 15 | 15.0
Dodging        | 1 2 4 5 6 7 8 |  8.0
Invocations    | 1 2 4 6 7 9 11 12 13 14 15 16 | 16.0
Evocations     | 2 3 4 6 |  6.0

Action                   |  1- 3 |  4- 6 |  7- 9 | 10-12 | 13-15 | 16-18 | 19-21 | 22-24 || total
-------------------------+-------+-------+-------+-------+-------+-------+-------+-------++-------
Melee: Long sword        |    86 |    95 |   442 |   810 |   113 |       |       |       ||  1546
       Short sword       |       |       |       |    33 |    83 |       |       |       ||   116
       Great sword       |       |       |       |       |   862 |  1189 |  1140 |   305 ||  3496
       Scimitar          |       |       |       |       |    92 |       |       |       ||    92
Invok: Upheaval          |       |       |       |     3 |       |     6 |       |       ||     9
       Elemental Force   |       |       |       |     1 |       |       |       |       ||     1
       Disaster Area     |       |       |       |       |       |     1 |       |       ||     1
 Abil: Dig               |       |     2 |     9 |     8 |     4 |    21 |     9 |       ||    53
Evoke: Wand              |       |       |     3 |     8 |    20 |    11 |    18 |       ||    60
       Condenser vane    |       |       |       |       |       |     2 |     3 |     1 ||     6
  Use: Scroll            |     3 |     6 |     9 |     7 |     3 |    15 |     8 |     3 ||    54
       Potion            |       |     1 |     3 |    16 |     4 |     8 |       |     3 ||    35
 Stab: Invisible         |       |       |       |     3 |       |     4 |       |       ||     7
       Petrified         |       |       |       |       |     1 |       |       |       ||     1
       Confused          |       |       |       |       |       |     1 |       |       ||     1
Armor: Scale mail        |    29 |    23 |   141 |    27 |       |       |       |       ||   220
       Plate armour      |       |       |       |    77 |       |       |    74 |    44 ||   195
       Crystal plate arm |       |       |       |   166 |   704 |   422 |   256 |       ||  1548
Dodge: Dodged            |    34 |    35 |   123 |   123 |   286 |   236 |   210 |    33 ||  1080
       Repelled          |       |       |       |     2 |     2 |    30 |    11 |     3 ||    48
Block: Kite shield       |    55 |    61 |   357 |   692 |  1409 |  1104 |       |       ||  3678
       Tower shield      |       |       |       |       |       |   356 |  1731 |   362 ||  2449
       Rpst.: Long sword |     7 |     9 |    31 |    28 |     2 |       |       |       ||    77
       Great sword       |       |       |       |       |    51 |    34 |    33 |     5 ||   123
